 Dungeon Crawl Stone Soup version 0.28-a0-706-gf6f64a616a (webtiles) character file.

Game seed: 18060090037923786133

0 spiderkeys the Ducker (level 1, -5/9 HPs)
             Began as a Deep Elf Abyssal Knight on Oct 25, 2021.
             Was a Follower of Lugonu.
             Slain by a small abomination (14 damage)
             ... on level 2 of the Abyss.
             The game lasted 00:01:27 (173 turns).

spiderkeys the Ducker (Deep Elf Abyssal Knight)      Turns: 173, Time: 00:01:27

Health: -5/9       AC:  1    Str: 10    XL:     1   Next: 0%
Magic:  3/3        EV: 11    Int: 10    God:    Lugonu [*.....]
Gold:   0          SH:  0    Dex: 11    Spells: 0/0 levels left

rFire   . . .      SeeInvis .   a - +1 falchion
rCold   . . .      Faith    .   (no shield)
rNeg    . . .      Spirit   .   b - +0 leather armour
rPois   .          Reflect  .   (no helmet)
rElec   .          Harm     .   (no cloak)
rCorr   .          Rampage  .   (no gloves)
Will    .....      Rage     3%  (no boots)
Stlth   +.........              (no amulet)
HPRegen 0.03/turn               (no ring)
MPRegen 0.08/turn               (no ring)

@: no status effects
A: [berserk 2], [clumsy 2], [deformed body], [deterioration 2], [dopey 2],
[frail 3], [low mp 3], [inability to read while threatened]
a: Renounce Religion, Depart the Abyss


You were on level 2 of the Abyss.
You worshipped Lugonu.
Lugonu was aware of your devotion.
You visited 0 branches of the dungeon, and saw 0 of its levels.
You visited the Abyss 1 time.


Innate Abilities, Weirdness & Mutations

[You often lose your temper in combat.]
[You are very clumsy. (Dex -4)]
[Armour fits poorly on your strangely shaped body.]
[Your body often deteriorates upon taking damage.]
[You are very dopey. (Int -4)]
[You are extremely frail. (-30% HP)]
[Your magical capacity is extremely low. (-30% MP)]
[You sometimes lose the ability to read scrolls when taking damage.]


   Skills:
 + Level 2.4 Fighting
 + Level 1.7 Long Blades
 - Level 0.7 Armour
 + Level 2.4 Dodging
 + Level 0.0 Stealth
 + Level 2.0 Invocations


You couldn't memorise any spells.
You didn't know any spells.
Your spell library was empty.

Inventory:

Hand Weapons
 a - a +1 falchion (weapon)
Armour
 b - a +0 leather armour (worn)
Jewellery
 L - a ring of flight
   (You found it on level 2 of the Abyss)

Dungeon Overview and Level Annotations

Branches:
Dungeon (0/15)

Altars:

...P.P.........
#.P .....##...
#.#. .#...##...
#..###...ยงยง...
#.......... ..
####.........!
##z#..#..##
####z#.#.#.##
#..@x####.#.
#.##.# ..#. #.
.... . # ..
##.... .# ..
#.##.# #. .. . .
.#. ..


You could see a small abomination and 2 flying skulls.


Message History

๐Ÿค– Initializing magus.rc ... โœ… Successfully initialized magus.rc [v1.9.10] Welcome, spiderkeys the Deep Elf Abyssal Knight.
The heart of this dungeon contains the fabulous artefact, the Orb of Zot.
Lugonu says: Depart the Abyss and spread corruption, my servant! (use the ability menu to exit the Abyss) Press ? for a list of commands and other information.
Found a corrupted altar of Lugonu.
Found a gateway leading out of the Abyss.
c - a dark potion A stone giant simulacrum comes into view.
A wretched star comes into view.
A neqoxec comes into view.
The neqoxec shouts!
You hear a chilling moan.
The wretched star pulses with an eldritch light!
You feel less energetic. x2
Unknown command.
The wretched star pulses with an eldritch light!
You feel frail. x2 ๐Ÿ˜Ž HP[-3]
You now have 10 max hp (-3).
The wretched star pulses with an eldritch light!
You feel frail. ๐Ÿ˜Ž HP[-1]
You now have 9 max hp (-1).
The wretched star glows turbulently.
The lance of force misses you.
The wretched star pulses with an eldritch light!
You lose the ability to read scrolls when threatened.
You feel yourself wasting away.
You feel your body start to fall apart.
Unknown command.
The wretched star pulses with an eldritch light!
You feel clumsy. x2
The wretched star pulses with an eldritch light!
Your body twists and deforms.
You feel less energetic. ๐Ÿ˜Ž MP[-1]
The wretched star pulses with an eldritch light!
You feel a little pissed off.
You feel angry.
Found a gateway leading deeper into the Abyss.
The wretched star pulses with an eldritch light!
You feel stupid. x2
There is a gateway leading deeper into the Abyss here.
You plunge deeper into the Abyss.
Found a gateway leading out of the Abyss. 2 flying skulls come into view.
The flying skull gives a hideous shriek! x3
You hit the demonic plant.
The demonic plant begins to die.
A nearby demonic plant withers and dies.
You see here a ring of flight.
L - a ring of flight A small abomination comes into view.
You aren't carrying any scrolls.
It was a potion of curing.
You feel better.
The flying skull hits you but does no damage.
The flying skull barely misses you. The flying skull barely misses you.
The small abomination hits you!
Ouch! That really hurt!
You die...

Action                   || total
-------------------------++-------
Melee: Falchion          ||     1
  Use: Potion            ||     1
Armor: Leather armour    ||     1
Dodge: Dodged            ||     3

Levels and vault maps discovered:
Abyss:2:  base: Temple, evilmike_abyss_exit_plants, minivault_28,
          evilmike_abyss_exit_plants

Notes
Turn   | Place    | Note
-------+----------+-------------------------------------------
     0 | Abyss:1  | spiderkeys the Deep Elf Abyssal Knight began the quest for
                  | the Orb.
     0 | Abyss:1  | Reached XP level 1. HP: 13/13 MP: 4/4
     0 | Abyss:1  | magus.rc [v1.9.10]
    44 | Abyss:1  | Noticed a sixfirhy
    45 | Abyss:1  | Noticed a stone giant simulacrum
    62 | Abyss:1  | Noticed a wretched star
    97 | Abyss:1  | Noticed a neqoxec
   161 | Abyss:2  | Noticed a flying skull
   161 | Abyss:2  | Noticed a flying skull
   161 | Abyss:2  | Noticed a flying skull
   169 | Abyss:2  | Noticed a small abomination
   173 | Abyss:2  | Slain by a small abomination

Vanquished Creatures (others)
  A demonic plant (Abyss:2)
1 creature vanquished.

Table legend:
 A = Non-vault XP
 B = Vault XP
 C = Vault XP percentage of total XP
 D = Non-vault monster count
 E = Vault monster count
 F = Vault count percentage of total count
                 A         B        C        D         E       F
            +---------+---------+-------+---------+---------+-------
      Total |       0 |       0 |   N/A |       0 |       0 |  -nan
            +---------+---------+-------+---------+---------+-------
            +---------+---------+-------+---------+---------+-------

Illustrated notes

Table legend: (Time is in decaauts)
 A = Elapsed time spent in this place.
 B = Non-inter-level travel time spent in this place.
 C = Inter-level travel time spent in this place.
 D = Time resting spent in this place.
 E = Time spent auto-exploring this place.
 F = Levels seen in this place.
 G = Mean time per level.
                   A        B        C        D        E       F      G
               +--------+--------+--------+--------+--------+-----+--------+
         Total |    173 |    173 |      0 |      0 |      0 |   2 |   86.5 |
         Abyss |    173 |    173 |      0 |      0 |      0 |   2 |   86.5 |
               +--------+--------+--------+--------+--------+-----+--------+

Top non-repeatable levels by time:
 Abyss:1: 134 daAuts
 Abyss:2: 39 daAuts
